 Dungeon Crawl Stone Soup version 0.29.1-12-g30fa7ad0bf (webtiles) character file.

Game seed: 10919657932548584337

5669 wormed the Magician (level 10, -1/79 HPs)
             Began as a Gnoll Wanderer on Dec 27, 2022.
             Was a Believer of Ashenzari.
             Slain by Snorg (3 damage)
             ... on level 10 of the Dungeon.
             The game lasted 00:24:10 (13264 turns).

wormed the Magician (Gnoll Wanderer)               Turns: 13264, Time: 00:24:11

Health: -1/79      AC: 10    Str: 13    XL:     10   Next: 75%
Magic:  2/23       EV: 14    Int: 15    God:    Ashenzari [**....]
Gold:   405        SH:  0    Dex: 11    Spells: 22/27 levels left

rFire   + . .      SeeInvis +   K - +2 shortbow (vorpal)
rCold   + . .      Faith    .   (shield currently unavailable)
rNeg    + . .      Spirit   .   A - +2 robe "Cursed Heresy" {rN+, Alch, Elem} (curse)
rPois   .          Reflect  .   (no helmet)
rElec   .          Harm     .   x - scarf of the Cursed Ether {rC+ rF+, Melee, Self} (curse)
rCorr   .          Rampage  .   (no gloves)
Will    +....                   b - +0 pair of boots of Apeoromancy {Alch, Elem} (curse)
Stlth   +++.......              (no amulet)
HPRegen 0.23/turn               q - +4 ring of protection
MPRegen 0.18/turn               a - ring of the Ruined Ether {Will+, Fort, Evo} (curse)

@: hasted, very quick
A: fangs 1, strong nose, distributed training
a: Renounce Religion, Shatter the Chains


You were on level 10 of the Dungeon.
You worshipped Ashenzari.
Ashenzari was pleased with you.
You visited 2 branches of the dungeon, and saw 11 of its levels.

You collected 405 gold pieces.

Inventory:

Hand Weapons
 K - a +2 vorpal shortbow (weapon)
Missiles
 H - a throwing net
Armour
 b - the cursed +0 pair of boots of Apeoromancy (worn) {Alch, Elem}

   It has a curse which improves the following skills: Alchemy: Poison Magic and
   Transmutations.
   Elements:  Fire Magic, Ice Magic, Air Magic and Earth Magic.
 x - the cursed scarf of the Cursed Ether (worn) {rC+ rF+, Melee, Self}
   (You found it on level 4 of the Dungeon)

   It has a curse which improves the following skills: Melee Combat: Short
   Blades, Long Blades, Axes, Maces & Flails, Polearms, Staves and Unarmed
   Combat.
   Introspection: Fighting and Spellcasting.
 A - the cursed +2 robe "Cursed Heresy" (worn) {rN+, Alch, Elem}
   (You took it off an orc wizard on level 6 of the Dungeon)

   It has a curse which improves the following skills: Alchemy: Poison Magic and
   Transmutations.
   Elements:  Fire Magic, Ice Magic, Air Magic and Earth Magic.
Jewellery
 a - the cursed ring of the Ruined Ether (right hand) {Will+, Fort, Evo}
   (You found it on level 9 of the Dungeon)

   [ring of willpower]

   Will:      It increases your willpower.
   It has a curse which improves the following skills: Fortitude: Armour and
   Shields.
   Evocations: Evocations.
 d - a ring of flight
 q - a +4 ring of protection (left hand)
 y - a +4 ring of evasion
Wands
 w - a wand of charming (12)
 B - a wand of polymorph (8)
 G - a wand of flame (17)
Scrolls
 c - 3 scrolls of fear
 f - a scroll of silence
 g - 2 scrolls of amnesia
 j - 3 scrolls of teleportation
 l - a scroll of summoning
 m - a scroll of butterflies
 n - 2 scrolls of magic mapping
 u - a scroll of immolation
 D - 2 scrolls of enchant weapon
 E - a scroll of enchant armour
 F - a scroll of blinking
Potions
 e - 5 potions of curing
 h - a potion of cancellation
 i - 2 potions of brilliance
 k - 4 potions of might
 o - 4 potions of flight
 p - a potion of ambrosia
 r - 5 potions of degeneration
 s - 2 potions of mutation
 t - a potion of berserk rage
 v - 2 potions of lignification
 z - 2 potions of haste


   Skills:
 + Level 5.8(7.0) Fighting
 + Level 5.8(7.0) Short Blades
 + Level 5.8(7.0) Long Blades
 + Level 5.8(7.0) Axes
 + Level 5.8(7.0) Maces & Flails
 + Level 5.8(7.0) Polearms
 + Level 5.8(7.0) Staves
 + Level 7.4 Ranged Weapons
 + Level 5.8 Throwing
 + Level 6.4(7.6) Armour
 + Level 6.4 Dodging
 + Level 5.8 Stealth
 + Level 5.8(7.0) Shields
 + Level 5.8(7.0) Unarmed Combat
 + Level 7.7(9.0) Spellcasting
 + Level 4.8 Conjurations
 + Level 4.8 Hexes
 + Level 4.8 Summonings
 + Level 4.8 Necromancy
 + Level 4.8 Translocations
 + Level 4.8(6.6) Transmutations
 + Level 7.3(9.3) Fire Magic
 + Level 4.8(6.6) Ice Magic
 + Level 4.8(6.6) Air Magic
 + Level 4.8(6.6) Earth Magic
 + Level 4.8(6.6) Poison Magic
 + Level 6.3 Invocations
 + Level 6.4(7.6) Evocations


You had 22 spell levels left.
You knew the following spells:

 Your Spells              Type           Power      Damage    Failure   Level
a - Foxfire               Conj/Fire      100%       2x1d9     1%          1
b - Scorch                Fire           68%        2d8       1%          2
c - Blink                 Tloc           42%        N/A       2%          2

Your spell library contained the following spells:

 Spells                   Type           Power      Damage    Failure   Level
 Ignite Poison            Fire/Tmut/Pois 29%        N/A       1%          3
 Lesser Beckoning         Tloc           21%        N/A       4%          3
 Manifold Assault         Tloc           21%        N/A       38%         5


Dungeon Overview and Level Annotations

Branches:
Dungeon (10/15)            Temple (1/1) D:4
   Lair: D:8-11         Orc: D:9-12

Altars:
Ashenzari
Cheibriados
Dithmenos
Elyvilon
Hepliaklqana
Kikubaaqudgha
Makhleb
Okawaru
Qazlal
Ru
Sif Muna
Trog
Uskayaw
Vehumet
Wu Jian
Xom
Yredelemnul
Zin
The Shining One

Annotations:
D:9 1 runed translucent door
D:10 Snorg


Innate Abilities, Weirdness & Mutations

You have very sharp teeth.
Your uncanny sense of smell can sniff out nearby items.
Your experience applies equally to all skills.


Message History

Flames lash Snorg.
Snorg is burned terribly!
Snorg is heavily wounded.
Snorg bites you but does no damage. Snorg misses you. Snorg claws you.
Snorg bites you!! Snorg closely misses you. x2
Casting: Scorch (safe; 1% risk of failure)
Confirm with . or Enter, or press ? or * to list all spells.
Flames lash Snorg.
Snorg is burned terribly!
Snorg is severely wounded.
Snorg misses you. Snorg claws you but does no damage. Snorg closely misses you.
Casting: Scorch (safe; 1% risk of failure)
Confirm with . or Enter, or press ? or * to list all spells.
Flames lash Snorg.
Snorg is burned terribly!
Snorg is severely wounded.
Snorg barely misses you. Snorg claws you!
* * * LOW HITPOINT WARNING * * *
Snorg barely misses you. Snorg bites you!
* * * LOW HITPOINT WARNING * * *
Snorg claws you!
* * * LOW HITPOINT WARNING * * *
Snorg barely misses you.
You feel yourself speed up. Snorg misses you. Snorg barely misses you.
Snorg completely misses you.
An orc wizard comes into view. It is wielding a +0 dagger.
A troll comes into view.
Snorg attacks as you move away! Snorg closely misses you. x2
Snorg claws you but does no damage.
Casting: Scorch (safe; 1% risk of failure)
Confirm with . or Enter, or press ? or * to list all spells.
Flames lash Snorg.
Snorg is burned terribly!
Snorg is severely wounded.
Snorg bites you but does no damage. Snorg barely misses you.
Snorg completely misses you.
Casting: Scorch (safe; 1% risk of failure)
Confirm with . or Enter, or press ? or * to list all spells.
Flames lash Snorg.
Snorg is burned terribly!
Snorg is severely wounded.
Snorg closely misses you. Snorg claws you.
* * * LOW HITPOINT WARNING * * *
Snorg claws you.
You die...

.....##########*
...T...........
,..............
* *
#............*
*#........... *
*#.......... ,
#.......... *,,
, #..@....... *
#..T....... ,
##..#.#####
###..#.# ...
##...o..#.... ,
* ##...<.#......
, , *
#......./#....
#........# .##
#........#,,.. ,
,*


You could see Snorg (berserk, combustible), a troll and an orc wizard
(invisible).

Vanquished Creatures
  Maggie (D:8)
  A hornet (D:9)
  2 trolls (D:9)
  4 yaks (D:9)
  A shadow (D:10)
  A wyvern (D:9)
  2 steam dragons
  Grum (D:8)
  An acid dragon (D:8)
  A sky beast (D:8)
  3 orc warriors
  An ogre (D:6)
  The ghost of Bacu the Slasher, an amateur HuBe of Trog (D:3)
  3 wolves (D:8)
  3 centaurs
  A lemure (D:6)
  A necrophage (D:5)
  A bullfrog (D:6)
  3 scorpions
  2 gnoll sergeants (D:9)
  A water moccasin zombie (D:6)
  6 wights (D:7)
  9 killer bees
  2 howler monkeys (D:6)
  2 bullfrog zombies (D:6)
  2 hounds
  3 jellies
  A gnoll bouda (D:4)
  2 orc priests
  Crazy Yiuf (D:2)
  3 iguanas
  2 centaur skeletons (D:6)
  Natasha (thrice) (D:4)
  9 orc wizards
  A scorpion simulacrum (D:3)
  15 gnolls
  5 adders
  3 river rats (D:6)
  A white imp (D:3)
  2 dart slugs
  3 adder simulacra (D:3)
  22 orcs
  7 endoplasms
  A giant cockroach (D:2)
  5 hobgoblins
  6 jackals (D:1)
  8 kobolds
  5 quokkas
  7 ball pythons
  A ball python simulacrum (D:3)
  3 bats
  3 frilled lizards
  9 goblins
  7 rats
194 creatures vanquished.

Vanquished Creatures (collateral kills)
  2 foxfires
2 creatures vanquished.

Vanquished Creatures (others)
  688 foxfires
  4 plants (D:1)
692 creatures vanquished.

Grand Total: 888 creatures vanquished

Notes
Turn   | Place    | Note
-------+----------+-------------------------------------------
     0 | D:1      | wormed the Gnoll Wanderer began the quest for the Orb.
     0 | D:1      | wormed set off with the following items: a +0 sling, a +0
                  | pair of boots, a scroll of fear, a +0 robe; and the
                  | following spell memorised: Foxfire; and the following
                  | spells available to memorise: Scorch, Ignite Poison.
     0 | D:1      | Reached XP level 1. HP: 13/13 MP: 6/6
    25 | D:1      | Found a faded altar of an unknown god.
   198 | D:1      | Reached XP level 2. HP: 19/19 MP: 7/7
   516 | D:1      | Reached skill level 5 in Spellcasting
   516 | D:1      | Reached XP level 3. HP: 25/25 MP: 4/9
  1020 | D:2      | Reached skill level 1 in Invocations
  1053 | D:2      | Reached skill level 1 in Fighting
  1053 | D:2      | Reached skill level 1 in Short Blades
  1053 | D:2      | Reached skill level 1 in Long Blades
  1053 | D:2      | Reached skill level 1 in Axes
  1053 | D:2      | Reached skill level 1 in Maces & Flails
  1053 | D:2      | Reached skill level 1 in Polearms
  1053 | D:2      | Reached skill level 1 in Staves
  1053 | D:2      | Reached skill level 1 in Throwing
  1053 | D:2      | Reached skill level 1 in Stealth
  1053 | D:2      | Reached skill level 1 in Shields
  1053 | D:2      | Reached skill level 1 in Unarmed Combat
  1097 | D:2      | Reached XP level 4. HP: 32/32 MP: 8/11
  1406 | D:2      | Reached skill level 1 in Conjurations
  1406 | D:2      | Reached skill level 1 in Hexes
  1406 | D:2      | Reached skill level 1 in Summonings
  1406 | D:2      | Reached skill level 1 in Necromancy
  1406 | D:2      | Reached skill level 1 in Translocations
  1406 | D:2      | Reached skill level 1 in Transmutations
  1406 | D:2      | Reached skill level 1 in Ice Magic
  1406 | D:2      | Reached skill level 1 in Air Magic
  1406 | D:2      | Reached skill level 1 in Earth Magic
  1406 | D:2      | Reached skill level 1 in Poison Magic
  1842 | D:2      | Found a runed translucent door.
  1843 | D:2      | Noticed Crazy Yiuf
  2843 | D:3      | Found a runed translucent gate.
  2843 | D:3      | Found a runed translucent gate.
  2843 | D:3      | Found a runed translucent gate.
  2911 | D:3      | Noticed Bacu's ghost (amateur HuBe)
  3331 | D:4      | Found a staircase to the Ecumenical Temple.
  3339 | D:4      | Noticed Natasha
  3341 | Temple   | Entered the Ecumenical Temple
  3365 | Temple   | Became a worshipper of Ashenzari the Shackled
  3394 | D:4      | Killed Natasha
  3395 | D:4      | Reached XP level 5. HP: 37/37 MP: 4/12
  3652 | D:4      | Noticed Natasha
  3660 | D:4      | Killed Natasha
  4059 | D:4      | Reached XP level 6. HP: 44/44 MP: 8/14
  4285 | D:4      | Noticed Natasha
  4290 | D:4      | Killed Natasha
  4291 | D:4      | Reached skill level 5 in Ranged Weapons
  4430 | D:5      | Entered Level 5 of the Dungeon
  4699 | D:5      | Found a hazy altar of Hepliaklqana.
  4700 | D:5      | Found a glowing silver altar of Zin.
  4702 | D:5      | Found a glowing golden altar of the Shining One.
  4706 | D:5      | Found a hide-covered altar of Uskayaw.
  4759 | D:5      | Reached * piety under Ashenzari
  5042 | D:5      | Reached XP level 7. HP: 48/52 MP: 9/16
  5606 | D:6      | Identified a scroll of acquirement
  6333 | D:6      | Acquired a ring of flight
  6485 | D:6      | Reached XP level 8. HP: 60/60 MP: 7/18
  7068 | D:6      | Noticed Edmund
  7112 | D:5      | Learned a level 2 spell: Scorch
  7537 | D:6      | Noticed Edmund
  7537 | D:6      | Edmund changed into Edmund the hound
  7540 | D:6      | Killed Edmund the hound
  7725 | D:3      | Killed Bacu's ghost
  7977 | D:2      | Killed Crazy Yiuf
  8251 | D:7      | Identified the +2 chain mail of the Sufficient God {Fly
                  | rElec Will- SInv}
  8550 | D:7      | Reached XP level 9. HP: 66/66 MP: 10/19
  8912 | D:7      | Reached ** piety under Ashenzari
  9015 | D:7      | Reached skill level 5 in Armour
  9015 | D:7      | Reached skill level 5 in Dodging
  9015 | D:7      | Reached skill level 5 in Evocations
  9855 | D:8      | Noticed Grum
  9860 | D:8      | Killed Grum
  9864 | D:8      | Reached skill level 5 in Invocations
 10546 | D:8      | Noticed Maggie
 10557 | D:8      | Noticed a two-headed ogre
 10560 | D:8      | Killed Maggie
 10561 | D:8      | Reached skill level 5 in Fighting
 10561 | D:8      | Reached skill level 5 in Short Blades
 10561 | D:8      | Reached skill level 5 in Long Blades
 10561 | D:8      | Reached skill level 5 in Axes
 10561 | D:8      | Reached skill level 5 in Maces & Flails
 10561 | D:8      | Reached skill level 5 in Polearms
 10561 | D:8      | Reached skill level 5 in Staves
 10561 | D:8      | Reached skill level 5 in Throwing
 10561 | D:8      | Reached skill level 5 in Stealth
 10561 | D:8      | Reached skill level 5 in Shields
 10561 | D:8      | Reached skill level 5 in Unarmed Combat
 10561 | D:8      | Reached XP level 10. HP: 75/76 MP: 2/22
 12161 | D:9      | Noticed a glowing orange brain
 12161 | D:9      | Noticed a skeletal warrior
 12162 | D:9      | Found a runed translucent door.
 12164 | D:9      | Noticed a boulder beetle
 12164 | D:9      | Noticed a wolf spider
 12164 | D:9      | Noticed a skeletal warrior
 12164 | D:9      | Noticed a centaur warrior
 12164 | D:9      | Identified the ring of Kixih {Drain rC++ Str-5 Int+3 Dex+6}
 12268 | D:8      | Learned a level 2 spell: Blink
 13242 | D:10     | Entered Level 10 of the Dungeon
 13243 | D:10     | Noticed Snorg
 13255 | D:10     | HP: 3/79 [Snorg (8)]
 13264 | D:10     | HP: 2/79 [Snorg (2)]
 13264 | D:10     | Slain by Snorg

Illustrated notes

Levels and vault maps discovered:
D:1:      mainiacjoe_arrival_reflecting_pool, layout_basic,
          shapermc_ecumenical_altar_gd, serial_bayou_lake_a
D:2:      layout_basic, uniq_crazy_yiuf_cottage
D:3:      layout_basic, gammafunk_ghost_icy, roderic_roman_lattice,
          minmay_misc_feat_room
D:4:      layout_cave_pods, temple_green, hangedman_decor_clover_reticule,
          uniq_natasha
D:5:      layout_gridville, minitemple, serial_rivers,
          chequers_serial_rivers_micro_b, chequers_serial_rivers_marsh,
          chequers_serial_rivers_micro_b, chequers_serial_rivers_micro_a
D:6:      wander_guarded_unrand_ratskin, layout_cave_pools, serial_undead,
          serial_undead_c, serial_undead_e, serial_undead_e, serial_undead_c,
          uniq_pikel, uniq_grinder, uniq_edmund
D:7:      layout_basic
D:8:      layout_loops_ring, moated_statue, mumra_transporter_accident,
          uniq_grum, uniq_maggie
D:9:      minmay_gate_of_8, layout_basic, enter_bailey_8
D:10:     layout_rooms, grunt_lair_entry_orc_guard_hut, erik_orc_1,
          serial_shops, shop, uniq_amaemon, uniq_snorg
Temple:   nicolae_temple_two_arcs

Skill      XL: |  1  2  3  4  5  6  7  8  9 10 |
---------------+-------------------------------+-----
Spellcasting   | 5 6 7 |  7.7
Invocations    | 1 2 3 4 5 6 |  6.3
Fighting       | 1 2 3 5 |  5.8
Short Blades   | 1 2 3 5 |  5.8
Long Blades    | 1 2 3 5 |  5.8
Axes           | 1 2 3 5 |  5.8
Maces & Flails | 1 2 3 5 |  5.8
Polearms       | 1 2 3 5 |  5.8
Staves         | 1 2 3 5 |  5.8
Throwing       | 1 2 3 5 |  5.8
Stealth        | 1 2 3 5 |  5.8
Shields        | 1 2 3 5 |  5.8
Unarmed Combat | 1 2 3 5 |  5.8
Conjurations   | 1 2 3 4 |  4.8
Hexes          | 1 2 3 4 |  4.8
Summonings     | 1 2 3 4 |  4.8
Necromancy     | 1 2 3 4 |  4.8
Translocations | 1 2 3 4 |  4.8
Transmutations | 1 2 3 4 |  4.8
Ice Magic      | 1 2 3 4 |  4.8
Air Magic      | 1 2 3 4 |  4.8
Earth Magic    | 1 2 3 4 |  4.8
Poison Magic   | 1 2 3 4 |  4.8
Armour         | 3 4 5 6 |  6.4
Dodging        | 3 4 5 6 |  6.4
Evocations     | 3 4 5 6 |  6.4
Ranged Weapons | 5 6 7 |  7.4
Fire Magic     | 6 7 |  7.3

Action                   |  1- 3 |  4- 6 |  7- 9 | 10-12 || total
-------------------------+-------+-------+-------+-------++-------
 Fire: Sling             |    33 |     1 |     6 |     4 ||    44
       Shortbow          |       |       |       |     1 ||     1
 Cast: Foxfire           |    36 |   146 |   149 |    62 ||   393
       Scorch            |       |       |   113 |    73 ||   186
Invok: Curse Item        |       |     2 |     1 |     1 ||     4
Evoke: Wand              |       |       |     2 |       ||     2
  Use: Scroll            |       |       |     1 |       ||     1
       Potion            |       |       |     5 |     2 ||     7
Armor: Robe              |     7 |     4 |    25 |    22 ||    58
Dodge: Dodged            |    16 |    19 |    79 |    77 ||   191
